 Dungeon Crawl Stone Soup version 0.28-a0-622-gbaef9634d7 (webtiles) character file.

Game seed: 9797997302947208417

61 siradein the Firebug (level 3, -6/28 HPs)
             Began as a Draconian Fire Elementalist on Oct 8, 2021.
             Was an Initiate of Hepliaklqana.
             Splashed by a jelly's acid (9 damage)
             ... on level 2 of the Dungeon.
             The game lasted 00:04:41 (2187 turns).

siradein the Firebug (Draconian Fire Elementalist)  Turns: 2187, Time: 00:04:43

Health: -6/28      AC: -3    Str: 10    XL:     3   Next: 83%
Magic:  3/6        EV: 12    Int: 16    God:    Hepliaklqana [......]
Gold:   39         SH:  0    Dex: 11    Spells: 3/6 levels left

rFire   . . .      SeeInvis .   a - +0 dagger
rCold   . . .      Faith    .   (no shield)
rNeg    . . .      Spirit   .   (armour unavailable)
rPois   .          Reflect  .   (helmet restricted)
rElec   .          Harm     .   (no cloak)
rCorr   .          Rampage  .   (no gloves)
Will    .....                   (no boots)
Stlth   ++........              (no amulet)
HPRegen 0.09/turn               f - ring of wizardry
MPRegen 0.10/turn               (no ring)

@: corroded
A: AC +5, unfitting armour, cold-blooded
a: Renounce Religion


You were on level 2 of the Dungeon.
You worshipped Hepliaklqana.
Hepliaklqana was noncommittal.
You visited 1 branch of the dungeon, and saw 2 of its levels.

You collected 39 gold pieces.

Inventory:

Hand Weapons
 a - a +0 dagger (weapon)
Jewellery
 f - a ring of wizardry (left hand)
Scrolls
 b - a scroll of vulnerability {unknown}
 c - a scroll of noise {unknown}
 d - a scroll of enchant armour {unknown}
 e - a scroll of magic mapping {unknown}
 g - a scroll of teleportation {unknown}
 h - a scroll of silence {unknown}


   Skills:
 + Level 1.4 Fighting
 + Level 2.2 Dodging
 - Level 1.7 Stealth
 + Level 2.4 Spellcasting
 + Level 1.8 Conjurations
 + Level 3.4 Fire Magic


You had 3 spell levels left.
You knew the following spells:

 Your Spells              Type           Power      Damage    Failure   Level
a - Foxfire               Conj/Fire      40%        2x1d6     2%          1
b - Scorch                Fire           24%        2d6       3%          2

Your spell library contained the following spells:

 Spells                   Type           Power      Damage    Failure   Level
 Conjure Flame            Conj/Fire      10%        6-21      9%          3
 Inner Flame              Hex/Fire       7%         N/A       12%         3
 Flame Wave               Conj/Fire      10%        3d4       26%         4


Dungeon Overview and Level Annotations

Branches:
Dungeon (2/15)

Altars:
Hepliaklqana


Innate Abilities, Weirdness & Mutations

Your plain brown scales are hard. (AC +5)
You cannot fit into any form of body armour.
You are cold-blooded and may be slowed by cold attacks.


Message History

A jelly is nearby!
A jelly is nearby!
A jelly is nearby!
Casting: Foxfire (safe; 2% risk of failure)
Press: ? - help, Q - select action, (/) - cycle Dir - look around, f - activate You conjure some foxfire!
The foxfire hits the jelly.
The jelly is moderately wounded.
The jelly quivers.
Your foxfire dissipates!
Casting: Foxfire (safe; 2% risk of failure)
Press: ? - help, Q - select action, (/) - cycle Dir - look around, f - activate You conjure some foxfire!
The foxfire hits the jelly.
The jelly is heavily wounded.
The foxfire hits the jelly.
The jelly is severely wounded.
You hit the jelly. The acid corrodes you!
Your hands burn!
You tail-slap the jelly, but do no damage.
The jelly is almost dead.
The jelly hits you but does no damage.
You hit the jelly but do no damage.
Your hands burn!
The jelly is almost dead.
The jelly hits you.
You are splashed with acid!
Casting: Foxfire (safe; 2% risk of failure)
Press: ? - help, Q - select action, (/) - cycle Dir - look around, f - activate You conjure some foxfire!
The jelly hits you.
You are splashed with acid.
* * * LOW HITPOINT WARNING * * *
Unknown command.
Your foxfire dissipates!
The foxfire hits the jelly.
The jelly is almost dead.
Casting: Foxfire (safe; 2% risk of failure)
Press: ? - help, Q - select action, (/) - cycle Dir - look around, f - activate You conjure some foxfire!
The jelly hits you.
* * * LOW HITPOINT WARNING * * *
The acid corrodes you!
You are splashed with acid!
You die...

......# ######...##..#
..........#(##..#....
....#....#...†##....
###.^.#....###..#..... .
###.....#....#.#.##.....
..##............#...#...#..
............#...##.##...##.
.....)...vJ.....#..#...####
.........v@.....#.##...# #
.!.<...[........#.#...##
................###...#
#.#..........##.##...##
#....(.....##.##...#
......#.......#.#...##
..###.#.......#.#...+ .
#.#.(.....#'##.######## #
#...............##...


You could see a jelly (ally target).

Vanquished Creatures
  2 adders (D:2)
  4 endoplasms
  5 goblins
  7 hobgoblins
  3 jackals (D:1)
  2 quokkas
  4 ball pythons (D:1)
  2 bats (D:1)
  2 frilled lizards
  2 kobolds (D:1)
  8 rats (D:1)
41 creatures vanquished.

Vanquished Creatures (others)
  52 foxfires
52 creatures vanquished.

Grand Total: 93 creatures vanquished

Notes
Turn   | Place    | Note
-------+----------+-------------------------------------------
     0 | D:1      | siradein the Draconian Fire Elementalist began the quest
                  | for the Orb.
     0 | D:1      | Reached XP level 1. HP: 14/14 MP: 3/3
   362 | D:1      | Found a faded altar of an unknown god.
   362 | D:1      | Noticed a floating eye
   365 | D:1      | Noticed a shining eye
   365 | D:1      | Noticed a great orb of eyes
   365 | D:1      | Noticed a shining eye
   478 | D:1      | Reached XP level 2. HP: 18/22 MP: 1/5
  1222 | D:1      | Reached skill level 1 in Fighting
  1291 | D:2      | Found a hazy altar of Hepliaklqana.
  1307 | D:2      | Became a worshipper of Hepliaklqana the Forgotten
  1331 | D:2      | Learned a level 2 spell: Scorch
  1427 | D:1      | Reached XP level 3. HP: 13/28 MP: 4/6
  2187 | D:2      | Splashed by a jelly's acid

Illustrated notes

Levels and vault maps discovered:
D:1:      arrival_zaba_pyramid, layout_loops_ring,
          hellmonk_ecumenical_altar_watching_god, minmay_rat_gold_closets
D:2:      minmay_razor_zed, layout_basic, basic_altar, minmay_goblin_outpost,
          uniq_crazy_yiuf_cottage

Skill      XL: |  1  2 |
---------------+-------+-----
Dodging        | 2 |  2.2
Fighting       | 1 |  1.4
Stealth        | |  1.7
Spellcasting   | |  2.4
Conjurations   | |  1.8
Fire Magic     | |  3.4

Action                   || total
-------------------------++-------
Melee: Dagger            ||   107
       Unarmed           ||     4
       Tailslap          ||     8
 Cast: Foxfire           ||    33
       Scorch            ||     1
 Stab: Sleeping          ||     5
Armor: Skin              ||    40
Dodge: Dodged            ||    83

Table legend: (Time is in decaauts)
 A = Elapsed time spent in this place.
 B = Non-inter-level travel time spent in this place.
 C = Inter-level travel time spent in this place.
 D = Time resting spent in this place.
 E = Time spent auto-exploring this place.
 F = Levels seen in this place.
 G = Mean time per level.
                   A        B        C        D        E       F      G
               +--------+--------+--------+--------+--------+-----+--------+
         Total |   2192 |   2178 |     14 |    379 |   1411 |   2 | 1096.0 |
       Dungeon |   2192 |   2178 |     14 |    379 |   1411 |   2 | 1096.0 |
               +--------+--------+--------+--------+--------+-----+--------+

Top non-repeatable levels by time:
     D:1: 1696 daAuts
     D:2: 496 daAuts
